Construct Section Command Post
Construct Platoon Command Post
6-pounder Anti-tank Gun Team
Selects Indian Artillery Battlegroup
Selects Gurkha Rifles Section
6-pounder Anti-tank Gun Team
Selects Artillery Saturation
Selects Off-map Airburst Barrage
Construct Company Command Post
Selects Volunteer Infantry
Selects Perimeter Monitor
Unlock Towed 17-pounder Anti-tank Guns
17-pounder Anti-tank Gun Team
17-pounder Anti-tank Gun Team